cohdb
Replays
Latest Replays
All Replays
Popular Replays
Top Player Replays
Match Explorer
How It Works
Community
CoH3 Stats
Reddit
Sign in to upload your games and track your stats! →
Sign in with Steam
Match 45453563
Unlisted
Match 45453563
Overview
Messages
Build Orders
End
Construct Section Command Post
Selects Australian Defense Battlegroup
Selects Australian Light Infantry Section
Australian Light Infantry Section
Dingo Light Scout Car
Infantry Section
Vickers Machine Gun Team
Infantry Section
Construct Platoon Command Post
Selects CMP 15cwt Supply Run
Selects Reinforced Resource Caches
Unlock Bishop Self-propelled Artillery
Bishop Self-propelled Artillery
Trash Panda
[QSA] Aerocrastic
RPZWolf
thicol14
From Voodoo to Zen
A Sassy Badger
Urge to Merge
Jimm-e
0
0
Comments
sign in to comment!
No comments posted yet!